 Dungeon Crawl Stone Soup version 0.30-a0-937-ga0a21ad780 (webtiles) character file.

Game seed: 8074285673866416045

91 FexLirch the Digger (level 5, 0/38 HPs)
             Began as a Meteoran Earth Elementalist on Mar 24, 2023.
             Succumbed to a scorpion's poison
             ... on level 5 of the Dungeon.
             The game lasted 00:03:49 (454 turns).

FexLirch the Digger (Meteoran Earth Elementalist)    Turns: 454, Time: 00:03:49

Health: 0/38       AC:  4    Str:  9    XL:     5   Next: 12%
Magic:  8/12       EV: 17    Int: 18    God:
Gold:   53         SH:  0    Dex: 15    Spells: 9/12 levels left

rFire   . . .      SeeInvis .    (no weapon)
rCold   . . .      Faith    .    (no shield)
rNeg    . . .      Spirit   .    h - +0 leather armour
rPois   .          Reflect  .    (no helmet)
rElec   .          Rampage  .    (no cloak)
rCorr   .                        e - +0 pair of gloves
Will    .....                    (no boots)
Stlth   +                        (no amulet)
HPRegen 0.26/turn                j - +5 ring of evasion
MPRegen 0.13/turn                (no ring)

@: mighty, lethally poisoned (0 -> -15), glowing
A: sense surroundings 1, otherworldly, glowing, explore regen
a: no special abilities


You were on level 5 of the Dungeon.
You visited 1 branch of the dungeon, and saw 5 of its levels.

You collected 53 gold pieces.

Inventory:

Missiles
 c - 4 stones
Armour
 a - a +0 robe
 e - a +0 pair of gloves (worn)
 h - a +0 leather armour (worn)
Jewellery
 j - a +5 ring of evasion (left hand)
Scrolls
 g - 2 scrolls of fog {unknown}
 k - 3 scrolls of identify {unknown}
 l - a scroll of magic mapping {unknown}
 n - a scroll of teleportation {unknown}
 p - a scroll of vulnerability {unknown}
Potions
 b - 2 potions of magic
 d - a potion of heal wounds {unknown}
 f - a potion of might
 i - a potion of lignification {unknown}
 m - a potion of haste {unknown}
 o - a potion of attraction {unknown}


   Skills:
 - Level 2.4 Dodging
 - Level 1.4 Stealth
 + Level 4.0 Spellcasting
 + Level 2.6 Conjurations
 - Level 1.2 Transmutations
 + Level 4.6 Earth Magic


You had 9 spell levels left.
You knew the following spells:

 Your Spells              Type           Power      Damage    Failure   Level
a - Sandblast             Erth           40%        2d10      3%          1
b - Passwall              Tmut/Erth      11%        N/A       10%         2

Your spell library contained the following spells:

 Spells                   Type           Power      Damage    Failure   Level
 Stone Arrow              Conj/Erth      32%        3d9       14%         3
 Petrify                  Tmut/Erth      14%        N/A       52%         4


Dungeon Overview and Level Annotations

Branches:
Dungeon (5/15) Zot: 2521
 Temple: D:4-7

Altars:
Dithmenos
Gozag

Shops:
D:2 (


Innate Abilities, Weirdness & Mutations

You passively map a small area around you.
You are easily found by Zot.
You glow in the dark.
You regain HP and MP as you explore.


Message History

Aiming: Sandblast (safe; 3% risk of failure)
Press: ? - help, Shift-Dir - straight line, f/p - scorpion
Aim: a scorpion (lightly wounded, 83% to hit)
The blast of sand misses the scorpion.
You feel very sick. The scorpion stings you.
You are more poisoned.
The scorpion poisons you! The scorpion misses you.
Casting: Sandblast (safe; 3% risk of failure)
Confirm with . or Enter, or press ? or * to list all spells.
Aiming: Sandblast (safe; 3% risk of failure)
Press: ? - help, Shift-Dir - straight line, f/p - scorpion
Aim: a scorpion (lightly wounded, 83% to hit)
The blast of sand hits the scorpion.
The scorpion is moderately wounded.
You feel very sick. The scorpion closely misses you. The scorpion stings you.
* * * LOW HITPOINT WARNING * * *
You are more poisoned.
The scorpion poisons you!
It was a potion of might.
You feel very mighty all of a sudden.
* * * LOW HITPOINT WARNING * * *
You feel very sick. The scorpion misses you.
Casting: Sandblast (safe; 3% risk of failure)
Confirm with . or Enter, or press ? or * to list all spells.
Aiming: Passwall (safe; 10% risk of failure)
Press: ? - help, Dir - move target, f - you, p - scorpion Please select a wall.
Okay, then.
Unknown command.
Casting: Passwall (safe; 10% risk of failure)
Confirm with . or Enter, or press ? or * to list all spells.
Aiming: Sandblast (safe; 3% risk of failure)
Press: ? - help, Shift-Dir - straight line, f/p - scorpion
Aim: a scorpion (moderately wounded, 83% to hit)
The blast of sand hits the scorpion.
The scorpion is heavily wounded.
You die...

≈⌠..#.#.#..#.#.##....#...#.#
#≈8...#.#..#.#.......#.....#
#≈....#.#..#....##.#.#..####
#≈._..#.#..#.(.....#....# *
#≈....#.#..#.###.#.#...!) ,
#≈8...#.#..#...#.#.###### *
≈⌠..#.#.#.........)...?.
8.....#.#...##)#s#.####+
...8###.#......#@# # ,,
.#...##.#†.#####<#, ,, ,
####..#....# #.# , ,
##..>.#.# #=# * ** ######.#
#.#, ,, ,,..#* #.# , ,,
...,* #.# , , ... + ..# * *
*, , , ,,... *


You could see a scorpion.

Vanquished Creatures
  A howler monkey (D:5)
  An adder (D:3)
  2 dart slugs
  An orc (D:4)
  2 ball pythons
  2 endoplasms
  A giant cockroach (D:3)
  2 goblins (D:2)
  A hobgoblin (D:1)
  9 jackals
  2 quokkas
  4 bats
  A frilled lizard (D:3)
  2 kobolds
  4 rats
35 creatures vanquished.

Vanquished Creatures (others)
  A plant (D:1)
1 creature vanquished.

Grand Total: 36 creatures vanquished

Notes
Turn   | Place    | Note
-------+----------+-------------------------------------------
     0 | D:1      | FexLirch the Meteoran Earth Elementalist began the quest
                  | for the Orb.
     0 | D:1      | Reached XP level 1. HP: 14/14 MP: 5/5
    42 | D:1      | Reached XP level 2. HP: 20/20 MP: 4/6
    43 | D:1      | Reached skill level 1 in Conjurations
    46 | D:1      | Learned a level 2 spell: Passwall
    93 | D:1      | Reached XP level 3. HP: 23/26 MP: 3/8
   137 | D:2      | Found Eqoarr's Weapon Shoppe.
   275 | D:3      | Reached XP level 4. HP: 33/33 MP: 6/10
   324 | D:5      | Entered Level 5 of the Dungeon
   343 | D:4      | Found a shadowy altar of Dithmenos.
   379 | D:5      | Found an opulent altar of Gozag.
   380 | D:5      | Found an opulent altar of Gozag.
   384 | D:5      | Found an opulent altar of Gozag.
   399 | D:5      | Found an opulent altar of Gozag.
   427 | D:5      | Reached XP level 5. HP: 34/38 MP: 7/12
   454 | D:5      | Succumbed to a scorpion's poison

Illustrated notes

Levels and vault maps discovered:
D:1:      kilobyte_arrival_exit_the_forest, layout_loops_ring
D:2:      layout_basic, serial_shops, nicolae_shop_statue_plus, uniq_terence
D:3:      layout_rooms
D:4:      layout_basic, tgw_fedhas, old_standard_altar
D:5:      layout_basic, nicolae_gozag_conspicuous_consumption

Skill      XL: |  1  2  3  4 |
---------------+-------------+-----
Conjurations   | 1 2 |  2.6
Spellcasting   | 3 4 |  4.0
Earth Magic    | 4 |  4.6
Dodging        | |  2.4
Stealth        | |  1.4
Transmutations | |  1.2

Action                     |  1- 3 |  4- 6 || total
---------------------------+-------+-------++-------
  Melee: Unarmed           |     1 |       ||     1
   Cast: Sandblast         |    33 |    17 ||    50
         Passwall          |     1 |       ||     1
    Use: Potion            |       |     1 ||     1
 Armour: Robe              |     1 |       ||     1
         Leather armour    |       |     1 ||     1
  Dodge: Dodged            |     6 |     6 ||    12

Table legend: (Time is in decaauts)
 A = Elapsed time spent in this place.
 B = Non-inter-level travel time spent in this place.
 C = Inter-level travel time spent in this place.
 D = Time resting spent in this place.
 E = Time spent auto-exploring this place.
 F = Levels seen in this place.
 G = Mean time per level.
                   A        B        C        D        E       F      G
               +--------+--------+--------+--------+--------+-----+--------+
         Total |    478 |    478 |      0 |      0 |      0 |   5 |   95.6 |
       Dungeon |    478 |    478 |      0 |      0 |      0 |   5 |   95.6 |
               +--------+--------+--------+--------+--------+-----+--------+

Top non-repeatable levels by time:
     D:1: 160 daAuts
     D:2: 116 daAuts
     D:5: 102 daAuts
     D:3: 53 daAuts
     D:4: 46 daAuts
